 Dungeon Crawl Stone Soup version 0.32-a0-928-g1cae6b7ea0 (webtiles) character file.

Game seed: 3498546914322639962

94 Sabo the Charlatan (level 4, -1/33 (35) HPs)
             Began as a Mountain Dwarf Artificer on Apr 12, 2024.
             Was an Initiate of Ashenzari.
             Slain by Crazy Yiuf
             ... wielding a +2 quarterstaff of chaos
              (12 damage)
             ... on level 2 of the Dungeon.
             The game lasted 00:12:47 (2480 turns).

Sabo the Charlatan (Mountain Dwarf Artificer)       Turns: 2480, Time: 00:12:47

HP:   -1/33 (35)    AC:  4    Str: 14    XL:     4   Next: 38%
MP:   4/4           EV: 10    Int: 14    God:    Ashenzari [......]
Gold: 53            SH:  0    Dex: 10    Spells: 2/3 levels left

rFire   . . .        a - +0 hammer
rCold   . . .        (no shield)
rNeg    . . .        b - +0 leather armour
rPois   .            (no helmet)
rElec   .            (no cloak)
rCorr   .            g - +0 pair of gloves
SInv    .            (no boots)
Will    .....        (no amulet)
Stlth   +            (no ring)
HPRegen 0.25/turn    (no ring)
MPRegen 0.09/turn

%: no passive effects
@: drained
A: runic magic, artefact enchanting
a: Renounce Religion, Curse Item


You were on level 2 of the Dungeon.
You worshipped Ashenzari.
Ashenzari was noncommittal.
You visited 1 branch of the dungeon, and saw 2 of its levels.

You collected 53 gold pieces.

Inventory:

Hand Weapons
 a - a +0 hammer (weapon)
Missiles
 f - 6 poisoned darts (quivered)
Armour
 b - a +0 leather armour (worn)
 g - a +0 pair of gloves (worn)
Magical Staves
 l - a staff of death
Wands
 c - a wand of flame (14)
 d - a wand of charming (14)
 e - a wand of iceblast (5)
Scrolls
 h - 2 scrolls of identify {unknown}
 i - 2 scrolls of teleportation {unknown}
Potions
 j - a potion of ambrosia
 k - a potion of heal wounds {unknown}


   Skills:
 + Level 1.5 Fighting
 + Level 2.4 Maces & Flails
 + Level 2.8 Armour
 + Level 1.4 Dodging
 + Level 1.1 Stealth
 + Level 0.1 Spellcasting
 + Level 0.2 Conjurations
 + Level 3.7 Evocations


You had 2 spell levels left.
You knew the following spells:

 Your Spells              Type           Power      Damage    Failure   Level
a - Foxfire               Conj/Fire      0%         2x1d4     28%         1

Your spell library contained the following spells:

 Spells                   Type           Power      Damage    Failure   Level
 Apportation              Tloc           0%         N/A       30%         1
 Summon Small Mammal      Summ           0%         N/A       30%         1


Dungeon Overview and Level Annotations

Branches:
Dungeon (2/15)

Altars:
Ashenzari

Annotations:
D:2 Crazy Yiuf


Innate Abilities, Weirdness & Mutations

Your spellcasting is much less encumbered by armour.
You can use scrolls of enchantment on lesser artefacts.


Message History

You feel invigorated.
You bump into the stone wall.
You feel sick.
You're too confused to move!
You feel sick.
You bump into the tree.
You feel sick.
You bump into the tree.
You feel sick.
You feel less invigorated.
You feel less confused.
You feel sick.
You are no longer poisoned.
You swap places.
Crazy Yiuf says, "I'll never leave you."
There is an open translucent door here.
You see here a +0 hammer.
a - a +0 hammer
a - a +0 hammer (weapon)
There is an open translucent door here.
Your extra speed is starting to run out.
You feel yourself slow down. Crazy Yiuf waves at you.
Aiming: Throw Flame
Press: ? - help, Shift-Dir - straight line, f/p - Crazy Yiuf
Aim: Crazy Yiuf, wielding a +2 quarterstaff of chaos and wearing a +0 cloak (lightly wounded, charmed, friendly, 75% to hit)
The puff of flame hits Crazy Yiuf!
Crazy Yiuf is moderately wounded.
Crazy Yiuf is no longer charmed.
Crazy Yiuf yells, "Snower!
Aardvark testudinal Xom."
Crazy Yiuf closely misses you.
You hit Crazy Yiuf.
Crazy Yiuf is heavily wounded.
Crazy Yiuf hits you with a +2 quarterstaff of chaos!
You closely miss Crazy Yiuf.
Crazy Yiuf is heavily wounded.
Crazy Yiuf hits you with a +2 quarterstaff of chaos.
Crazy Yiuf freezes you.
You closely miss Crazy Yiuf.
Crazy Yiuf is heavily wounded.
Crazy Yiuf barely misses you.
Crazy Yiuf hits you with a +2 quarterstaff of chaos!
You die...

##### ....## .....##
##########
......###...##...##
......##..........##
......#............#
......#..........>.#
...............g@..#
.............[....##
.....####...##...##
....####..########
##..# #.....#
...####..#### ##.#
#....# #.# ♣....♣
##.# ♣...♣♣


You could see Crazy Yiuf.

Vanquished Creatures
  Jessica (D:2)
  3 adders (D:2)
  5 ball pythons
  7 bats
  4 endoplasms (D:1)
  3 giant cockroaches (D:2)
  3 goblins
  5 hobgoblins
  2 jackals (D:1)
  2 kobolds
  A frilled lizard (D:1)
  4 rats
40 creatures vanquished.

Vanquished Creatures (others)
  14 foxfires (D:2)
14 creatures vanquished.

Grand Total: 54 creatures vanquished

Notes
Turn   | Place    | Note
-------+----------+-------------------------------------------
     0 | D:1      | Sabo the Mountain Dwarf Artificer began the quest for the
                  | Orb.
     0 | D:1      | Reached XP level 1. HP: 16/16 MP: 1/1
   301 | D:1      | Reached XP level 2. HP: 2/23 MP: 2/2
   631 | D:1      | Reached skill level 1 in Maces & Flails
   663 | D:1      | Reached skill level 1 in Dodging
  1235 | D:1      | Got Casting, Volume One
  1243 | D:1      | Learned a level 1 spell: Foxfire
  1349 | D:2      | Noticed Jessica
  1354 | D:2      | Killed Jessica
  1355 | D:2      | Reached XP level 3. HP: 28/28 MP: 0/3
  1548 | D:2      | Reached XP level 4. HP: 20/35 MP: 2/4
  2056 | D:2      | Reached skill level 1 in Stealth
  2189 | D:2      | Found a runed translucent door.
  2288 | D:2      | Found a faded altar of an unknown god.
  2298 | D:2      | Prayed at the altar of an unknown god.
  2298 | D:2      | Became a worshipper of Ashenzari the Shackled
  2408 | D:2      | Noticed Crazy Yiuf
  2480 | D:2      | Slain by Crazy Yiuf

Illustrated notes

Levels and vault maps discovered:
D:1:      lemuel_arrival_muddy, layout_basic
D:2:      layout_rooms, shapermc_ecumenical_altar_flowoftime,
          kennysheep_doodads, kennysheep_generic_room_2, uniq_jessica,
          uniq_crazy_yiuf_cottage

Skill      XL: |  1  2  3  4 |
---------------+-------------+-----
Maces & Flails | 1 2 |  2.4
Dodging        | 1 |  1.4
Stealth        | 1 |  1.1
Fighting       | |  1.5
Armour         | |  2.8
Spellcasting   | |  0.1
Conjurations   | |  0.2
Evocations     | |  3.7

Action                     |  1- 3 |  4- 6 || total
---------------------------+-------+-------++-------
  Melee: Club              |   164 |    53 ||   217
         Staff             |       |     9 ||     9
         Mace              |       |     3 ||     3
  Throw: Dart              |       |     1 ||     1
   Cast: Foxfire           |     6 |     2 ||     8
  Evoke: Wand              |       |     2 ||     2
    Use: Potion            |       |     1 ||     1
 Armour: Leather armour    |   144 |    75 ||   219
  Dodge: Dodged            |   141 |    60 ||   201

Table legend: (Time is in decaauts)
 A = Elapsed time spent in this place.
 B = Non-inter-level travel time spent in this place.
 C = Inter-level travel time spent in this place.
 D = Time resting spent in this place.
 E = Time spent auto-exploring this place.
 F = Levels seen in this place.
 G = Mean time per level.
                   A        B        C        D        E       F      G
               +--------+--------+--------+--------+--------+-----+--------+
         Total |   2509 |   2509 |      0 |    550 |      0 |   2 | 1254.5 |
       Dungeon |   2509 |   2509 |      0 |    550 |      0 |   2 | 1254.5 |
               +--------+--------+--------+--------+--------+-----+--------+

Top non-repeatable levels by time:
     D:1: 1384 daAuts
     D:2: 1125 daAuts
